 Dungeon Crawl Stone Soup version 0.21-a0-633-g4c047d5 (webtiles) character file.

32 Faca the Shield-Bearer (level 3, -1/30 HPs)
             Began as a Formicid Fighter on Dec 28, 2017.
             Killed from afar by Sigmund (13 damage)
             ... with a puff of flame
             ... on level 2 of the Dungeon.
             The game lasted 00:03:14 (1129 turns).

Faca the Shield-Bearer (Formicid Fighter)           Turns: 1129, Time: 00:03:14

Health: -1/30      AC:  6    Str: 20    XL:     3   Next: 45%
Magic:  3/3        EV:  8    Int:  7    God:
Gold:   49         SH: 10    Dex: 11    Spells: 2/2 levels left

rFire    . . .     SeeInvis +   a - +0 quarterstaff
rCold    . . .     Gourm    .   c - +1 shield
rNeg     . . .     Faith    .   b - +0 scale mail
rPois    .         Spirit   .   (helmet unavailable)
rElec    .         Reflect  .   (no cloak)
rCorr    .         Harm     .   (no gloves)
MR       .....                  (no boots)
Stlth    ..........             (no amulet)
HPRegen  0.10/turn              (no ring)
MPRegen  0.08/turn              (no ring)

@: no status effects
A: permanent stasis, dig shafts and tunnels, four strong arms, antennae 3
a: Dig, Shaft Self


You were on level 2 of the Dungeon.
You were not hungry.

You visited 1 branch of the dungeon, and saw 2 of its levels.

You collected 49 gold pieces.

Inventory:

Hand Weapons
 a - a +0 quarterstaff (weapon)
Missiles
 i - 44 stones (quivered)
 l - 49 sling bullets
Armour
 b - a +0 scale mail (worn)
 c - a +1 shield (worn)
Scrolls
 k - a scroll of identify
Potions
 d - 2 potions of might
 h - a potion of degeneration {unknown}
 j - a potion of brilliance


   Skills:
 + Level 3.7 Fighting
 + Level 2.3 Staves
 + Level 3.5 Armour
 + Level 4.2 Shields


You had 2 spell levels left.
You didn't know any spells.

Dungeon Overview and Level Annotations

Branches:
Dungeon (2/15)

Altars:

Annotations:
D:2 Sigmund


Innate Abilities, Weirdness & Mutations

You cannot be hasted, slowed, berserked, paralysed or teleported.
You can dig through walls and to a lower floor.
Your four strong arms can wield two-handed weapons with a shield.
You have a pair of large antennae on your head. (SInv)


Message History

Sigmund hits you with a scythe!
Sigmund hits you from afar with a scythe.
You're too confused to move!
You feel less confused. Sigmund casts a spell at you.
The puff of flame hits you!
You closely miss Sigmund.
Sigmund is heavily wounded.
Sigmund completely misses you.
You barely miss Sigmund.
Sigmund is heavily wounded.
You block Sigmund's attack.
You sock Sigmund!
Sigmund is almost dead.
Sigmund closely misses you.
You closely miss Sigmund.
Sigmund is almost dead.
Sigmund gestures at you while chanting. The puff of flame hits you!
You die...

#<# ... ##+## #.#
##...## #.# ##.....##
####.# ##....@@.##
##.##.#
#........)####...#.#####
+.........'.............
#.........####...#.#####
#.........## ##.##.#
..###....## ####.# .
##..## #.# { #... #.#
###. #.#


You could see Sigmund.

Vanquished Creatures
  2 leopard geckos (D:1)
  A ball python (D:1)
  A giant cockroach (D:2)
  5 hobgoblins
  A quokka (D:2)
  6 bats
  3 frilled lizards
  2 goblins (D:1)
  4 kobolds
  5 rats
30 creatures vanquished.

Notes
Turn   | Place    | Note
-------+----------+-------------------------------------------
     0 | D:1      | Faca the Formicid Fighter began the quest for the Orb.
     0 | D:1      | Reached XP level 1. HP: 18/18 MP: 1/1
   308 | D:1      | Reached XP level 2. HP: 24/24 MP: 2/2
   579 | D:1      | Reached skill level 4 in Shields
   579 | D:1      | Reached XP level 3. HP: 16/30 MP: 3/3
  1111 | D:2      | Noticed Sigmund
  1129 | D:2      | Killed from afar by Sigmund

Vault maps used:
D:1:      lightli_arrival_isolated_outpost
D:2:      kennysheep_okawaru_gauntlet, lemuel_crystal_altar, lemuel_round_altar,
          nemelex_dance_club_becter, uniq_sigmund

Skill      XL: |  1  2 |
---------------+-------+-----
Shields        | 4 |  4.2
Fighting       | |  3.7
Staves         | |  2.3
Armour         | |  3.5

Action                   || total
-------------------------++-------
Melee: Quarterstaff      ||    96
  Use: Scroll            ||     9
       Potion            ||     1
  Eat: Ration            ||     1
Armor: Scale mail        ||    32
Dodge: Dodged            ||    36
Block: Shield            ||    47

Table legend:
 A = Spawn XP
 B = Non-spawn XP
 C = Spawn XP percentage of total XP
 D = Spawn monster count
 E = Non-spawn monster count
 F = Spawn count percentage of total count
 G = Total turns spent on level
                    A         B        C        D         E        F      G
               +---------+---------+-------+---------+---------+-------+---------
         Total |       0 |      47 |   0.0 |       0 |      30 |   0.0 |  1129
               +---------+---------+-------+---------+---------+-------+---------
           D:1 |       0 |      36 |   0.0 |       0 |      23 |   0.0 |   935
           D:2 |       0 |      11 |   0.0 |       0 |       7 |   0.0 |   194
               +---------+---------+-------+---------+---------+-------+---------
